 Dungeon Crawl Stone Soup version 0.28-a0-10-g964c8b829e (webtiles) character file.

Game seed: 8403305415872448453

18241 freelancePsychic the Thaumaturge (level 12, -2/97 HPs)
             Began as a Mummy Conjurer on July 25, 2021.
             Was an Elder of Ashenzari.
             Slain by a quicksilver ooze (9 damage)
             ... in an ice cave.
             The game lasted 00:44:36 (15855 turns).

freelancePsychic the Thaumaturge (Mummy Conjurer)  Turns: 15855, Time: 00:44:37

Health: -2/97      AC: 19    Str: 17    XL:     12   Next: 26%
Magic:  2/29       EV: 10    Int: 26    God:    Ashenzari [****..]
Gold:   735        SH:  0    Dex: 12    Spells: 20/38 levels left

rFire   . . .      SeeInvis +   f - staff of fire (curse) {Melee, Self}
rCold   + . .      Faith    .   (no shield)
rNeg    + + +      Spirit   .   q - +7 scale mail of Ashenzari's Pleiades {Will+, Comp, Fort} (curse)
rPois   ∞          Reflect  .   e - +0 helmet of Ashenzari's Anxiety {Alch, Melee} (curse)
rElec   .          Harm     .   p - scarf of the Celestial Seer {+Inv, Alch, Range} (curse)
rCorr   .          Rampage  .   n - +0 pair of gloves of Curses and Power {Elem, Self} (curse)
Will    ++...      Clarity  +   u - +0 pair of boots
Stlth   ..........              (no amulet)
HPRegen 0.26/turn               l - ring "Affliction of Ashenzari" {Str+6, Comp, Alch} (curse)
MPRegen 0.21/turn               c - +6 ring of intelligence

@: about to teleport
A: cold resistance 1, negative energy resistance 3, torment resistance 2, heat
vulnerability 1, no potions
a: Renounce Religion, Evoke Invisibility, Curse Item, Shatter the Chains


You were in an ice cave.
You worshipped Ashenzari.
Ashenzari was greatly pleased with you.
You visited 3 branches of the dungeon, and saw 13 of its levels.
You also visited: Ice Cave.

You collected 735 gold pieces.

Inventory:

Hand Weapons
 b - a +2 short sword of electrocution
Armour
 a - a +0 robe
 e - the cursed +0 helmet of Ashenzari's Anxiety (worn) {Alch, Melee}
   (You found it on level 2 of the Dungeon)

   It has a curse which improves the following skills: Alchemy: Poison Magic and
   Transmutations.
   Melee Combat: Short Blades, Long Blades, Axes, Maces & Flails, Polearms,
   Staves and Unarmed Combat.
 i - a +3 ring mail of willpower
 n - the cursed +0 pair of gloves of Curses and Power (worn) {Elem, Self}
   (You found it on level 5 of the Dungeon)

   It has a curse which improves the following skills: Elements: Fire Magic, Ice
   Magic, Air Magic and Earth Magic.
   Introspection: Fighting and Spellcasting.
 p - the cursed scarf of the Celestial Seer (worn) {+Inv, Alch, Range}
   (You found it on level 7 of the Dungeon)

   It has a curse which improves the following skills: Alchemy: Poison Magic and
   Transmutations.
   Ranged Combat: Slings, Bows, Crossbows and Throwing.
 q - the cursed +7 scale mail of Ashenzari's Pleiades (worn) {Will+, Comp, Fort}
   (You found it on level 7 of the Dungeon)

   Will:      It increases your willpower.
   It has a curse which improves the following skills: Companions: Summonings
   and Necromancy.
   Fortitude: Armour and Shields.
 u - a +0 pair of boots (worn)
 A - a +0 kite shield of cold resistance
Magical Staves
 f - a cursed staff of fire (weapon) {Melee, Self}
Jewellery
 c - a +6 ring of intelligence (right hand)
 l - the cursed ring "Affliction of Ashenzari" (left hand) {Str+6, Comp, Alch}
   (You found it on level 5 of the Dungeon)

   [ring of strength]

   Str:       It affects your strength (+6).
   It has a curse which improves the following skills: Companions: Summonings
   and Necromancy.
   Alchemy:   Poison Magic and Transmutations.
 r - a +6 ring of intelligence
 v - a ring of fire
 x - a +4 ring of protection
 z - the ring of Impatience {Ice +Blink rPois MP-9 Int+3 Dex-2}
   (You found it in an ice cave)

   [ring of ice]

   It enhances your ice magic.
   Int:       It affects your intelligence (+3).
   Dex:       It affects your dexterity (-2).
   rF:        It makes you vulnerable to fire.
   rC:        It protects you from cold.
   rPois:     It protects you from poison.
   MP:        It affects your magic capacity (-9).
   +Blink:    It lets you blink.
Wands
 h - a wand of charming (15)
 j - a wand of polymorph (14)
 s - a wand of mindburst (10)
 t - a wand of acid (10)
 y - a wand of paralysis (4)
Scrolls
 g - a scroll of vulnerability
 k - 3 scrolls of fog
 m - a scroll of immolation
 o - a scroll of magic mapping
 w - a scroll of torment


   Skills:
 - Level 6.4(9.9) Fighting
 - Level 6.2(8.5) Armour
 - Level 1.5 Dodging
 - Level 1.5 Stealth
 + Level 1.4(3.0) Shields
 - Level 10.5(13.7) Spellcasting
 - Level 8.4 Conjurations
 - Level 4.3(7.6) Necromancy
 - Level 2.1(5.5) Transmutations
 - Level 6.6(9.0) Fire Magic
 - Level 6.7(9.1) Earth Magic


You had 20 spell levels left.
You knew the following spells:

 Your Spells              Type           Power      Damage    Failure   Level
a - Foxfire               Conj/Fire      100%       2x1d9     1%          1
b - Searing Ray           Conj           100%       3d7       1%          2
c - Bolt of Magma         Conj/Fire/Erth 38%        4d16      6%          5
d - Borgnjor's Vile Clut  Necr/Erth      28%        N/A       8%          5
e - Irradiate             Conj/Tmut      26%        3d22      14%         5

Your spell library contained the following spells:

 Spells                   Type           Power      Damage    Failure   Level
 Magic Dart               Conj           100%       1d8       1%          1
 Conjure Flame            Conj/Fire      76%        6-21      1%          3
 Stone Arrow              Conj/Erth      100%       3d13      1%          3
 Animate Dead             Necr           27%        N/A       3%          4
 Dazzling Flash           Conj/Hex       78%        N/A       4%          3
 Inner Flame              Hex/Fire       58%        N/A       4%          3
 Petrify                  Tmut/Erth      54%        N/A       4%          4
 Corona                   Hex            18%        N/A       9%          1
 Agony                    Necr           55%        N/A       11%         5
 Ensorcelled Hibernation  Hex/Ice        36%        N/A       12%         2
 Fulminant Prism          Conj/Hex       19%        3d11      16%         4
 Iskenderun's Mystic Bla  Conj/Tloc      39%        2d9       16%         4
 Tukima's Dance           Hex            17%        N/A       26%         3
 Death Channel            Necr           27%        N/A       50%         6
 Silence                  Hex/Air        9%         N/A       92%         5
 Shatter                  Erth           30%        3d25*     100%        9
 Sublimation of Blood     Necr           Unusable   N/A       N/A         2

Dungeon Overview and Level Annotations

Branches:
Dungeon (10/15)            Temple (1/1) D:4            Lair (2/6) D:10
  IceCv (1/1)
  Swamp: Lair:2-4    Shoals: Lair:2-4     Snake: Lair:2-4    Spider: Lair:2-4
    Orc: D:9-12

Altars:
Ashenzari
Cheibriados
Dithmenos
Elyvilon
Fedhas
Gozag
Hepliaklqana
Kikubaaqudgha
Makhleb
Nemelex Xobeh
Okawaru
Qazlal
Ru
Sif Muna
Trog
Uskayaw
Vehumet
Wu Jian
Xom
Yredelemnul
Zin
The Shining One

Shops:
D:1 [   D:6 =

Annotations:
D:2 1 runed translucent door, Crazy Yiuf
D:8 1 runed translucent door
Lair:1 2 transporters, Nausicaa's ghost, novice TrDe


Innate Abilities, Weirdness & Mutations

You are immune to poison.
Your flesh is cold resistant. (rC+)
You are immune to negative energy. (rN+++)
You are immune to unholy pain and torment.
You are vulnerable to heat. (rF-)
You do not drink.


Message History

A slime creature comes into view.
The slime creature quivers.
A slime creature comes into view.
The slime creature quivers. x3
The slime creature hits you.
A demonic crawler simulacrum comes into view.
A slime creature comes into view.
The slime creature hits you. The slime creature hits you!
* * * LOW HITPOINT WARNING * * *
You hit the slime creature.
The slime creature is lightly wounded.
The slime creature hits you but does no damage.
The slime creature barely misses you.
Two slime creatures merge to form a large slime creature.
The slime creature hits you!
* * * LOW HITPOINT WARNING * * *
Two slime creatures merge to form a large slime creature.
The slime creature hits you but does no damage.
The slime creature completely misses you.
The slime creature hits you.
* * * LOW HITPOINT WARNING * * *
The walls melt the demonic crawler simulacrum!
The slime creature hits you.
* * * LOW HITPOINT WARNING * * *
Two slime creatures merge to form a large slime creature.
A quicksilver ooze comes into view.
The quicksilver ooze quivers.
The walls melt the demonic crawler simulacrum!
The slime creature hits you.
* * * LOW HITPOINT WARNING * * *
As you read the scroll of teleportation {@r4}, it crumbles to dust.
You feel strangely unstable.
The large slime creature hits you but does no damage.
The walls melt the demonic crawler simulacrum!
The slime creature closely misses you.
A large slime creature splits.
The walls melt the demonic crawler simulacrum!
The quicksilver ooze barely misses you. The quicksilver ooze hits you!
You die...

#########
############# *
###.JJJ@....##* *
#...J..J......# * ,
*#.....Z###.....##*
,,
#....J####.....##*
, , #......{ ,....#
, , , #..J.J# *
......, , ,
##.....{ **#######*
, ,* ##..J. ,, * *
* * , ####J , , , ,
,


You could see a large slime creature, 5 slime creatures, a quicksilver ooze and
a demonic crawler simulacrum.

Vanquished Creatures
  Josephine (D:10)
  A two-headed ogre (D:9)
  An ice statue (IceCv)
  The ghost of Ninjinzu the Digger, a novice GrEE (D:6)
  A cane toad (Lair:1)
  2 unseen horrors (D:10)
  A kobold demonologist (D:8)
  3 komodo dragons
  3 polar bears (Lair:2)
  4 trolls (D:10)
  3 hornets
  4 slime creatures (IceCv)
  3 blink frogs (Lair:1)
  2 humans (D:10)
  29 yaks
  Sigmund (D:4)
  5 wraiths
  A steam dragon (D:7)
  A basilisk (Lair:1)
  A death yak simulacrum (Lair:2)
  A demonic crawler simulacrum (IceCv)
  An acid dragon (D:10)
  Edmund (D:5)
  2 orc warriors
  4 ice beasts
  An ugly thing simulacrum (IceCv)
  3 black bears (Lair:2)
  3 ogres
  5 centaurs
  4 wolves (Lair:2)
  A phantom (D:5)
  A kobold brigand (D:9)
  Blork the orc (D:6)
  6 bullfrogs
  3 scorpions
  A gnoll sergeant (D:10)
  8 killer bees
  10 wights
  An elephant simulacrum (Lair:2)
  3 howler monkeys
  8 centaur zombies
  A wyvern simulacrum (D:6)
  A hound (D:4)
  3 orc priests
  A water moccasin simulacrum (D:6)
  2 jellies
  2 iguanas (D:5)
  Ijyb (D:4)
  8 orc wizards
  A centaur simulacrum (D:6)
  A hound skeleton (D:5)
  A killer bee simulacrum (D:6)
  A howler monkey zombie (D:4)
  Robin (D:2)
  4 gnolls (D:10)
  8 adders
  3 white imps (D:6)
  An ufetubus (D:4)
  An adder skeleton (D:4)
  5 worms
  3 dart slugs
  24 orcs
  4 endoplasms
  6 giant cockroaches
  21 goblins
  8 hobgoblins
  13 jackals
  3 quokkas
  7 ball pythons
  5 bats
  3 frilled lizards
  6 kobolds
  A quokka zombie (D:4)
  3 rats (D:2)
289 creatures vanquished.

Vanquished Creatures (others)
  An ugly thing simulacrum (IceCv)
  A glowing shapeshifter simulacrum (IceCv)
  389 foxfires
  5 fungi
  11 plants
407 creatures vanquished.

Grand Total: 696 creatures vanquished

Notes
Turn   | Place    | Note
-------+----------+-------------------------------------------
     0 | D:1      | freelancePsychic the Mummy Conjurer began the quest for the
                  | Orb.
     0 | D:1      | Reached XP level 1. HP: 13/13 MP: 4/4
    46 | D:1      | Found Xesk's Antique Armour Shop.
   107 | D:1      | Reached skill level 3 in Spellcasting
   339 | D:1      | Reached XP level 2. HP: 19/19 MP: 4/6
   342 | D:1      | Learned a level 2 spell: Searing Ray
   833 | D:1      | Learned a level 1 spell: Foxfire
   913 | D:2      | Reached XP level 3. HP: 24/24 MP: 4/8
  1219 | D:2      | Noticed Robin
  1232 | D:2      | Killed Robin
  1233 | D:2      | Reached skill level 4 in Spellcasting
  1236 | D:2      | Reached skill level 1 in Fire Magic
  1356 | D:2      | Reached XP level 4. HP: 30/30 MP: 6/10
  1842 | D:2      | Found a runed translucent door.
  1843 | D:2      | Noticed Crazy Yiuf
  2183 | D:3      | Found a faded altar of an unknown god.
  2718 | D:4      | Reached XP level 5. HP: 35/35 MP: 7/11
  3203 | D:4      | Found a basalt altar of Yredelemnul.
  3219 | D:4      | Found a hide-covered altar of Uskayaw.
  3222 | D:4      | Reached skill level 5 in Spellcasting
  3284 | D:4      | Reached XP level 6. HP: 35/41 MP: 2/13
  3914 | D:4      | Noticed Ijyb
  3919 | D:4      | Killed Ijyb
  4168 | D:4      | Noticed Sigmund
  4172 | D:4      | Killed Sigmund
  4173 | D:4      | Reached skill level 5 in Conjurations
  4173 | D:4      | Reached skill level 1 in Earth Magic
  4528 | D:4      | Found a staircase to the Ecumenical Temple.
  4534 | Temple   | Entered the Ecumenical Temple
  4785 | Temple   | Became a worshipper of Ashenzari the Shackled
  4987 | D:5      | Entered Level 5 of the Dungeon
  5163 | D:5      | Reached XP level 7. HP: 31/46 MP: 5/14
  5437 | D:5      | Reached skill level 1 in Fighting
  6144 | D:5      | Reached XP level 8. HP: 50/58 MP: 9/15
  6201 | D:5      | Noticed Edmund
  6847 | D:6      | Reached skill level 5 in Fighting
  7096 | D:6      | Found a runed translucent gate.
  7096 | D:6      | Found a runed translucent gate.
  7096 | D:6      | Found a runed translucent gate.
  7171 | D:6      | Reached * piety under Ashenzari
  7223 | D:6      | Found Wajecour's Jewellery Shop.
  7563 | D:6      | Noticed Blork the orc
  7568 | D:6      | Killed Blork the orc
  7576 | D:6      | Noticed Ninjinzu's ghost (novice GrEE)
  7787 | D:7      | Learned a level 5 spell: Bolt of Magma
  7974 | D:7      | Identified the +7 scale mail "Vutee" {Will+}
  8040 | D:7      | Reached XP level 9. HP: 74/74 MP: 13/19
  8124 | D:7      | Reached ** piety under Ashenzari
  8278 | D:7      | Found a burning altar of Makhleb.
  8314 | D:7      | Reached skill level 1 in Armour
  8437 | D:8      | Noticed a kobold demonologist
  8443 | D:8      | Killed a kobold demonologist
  8444 | D:8      | Reached skill level 6 in Spellcasting
  8697 | D:8      | Found a runed translucent door.
  9025 | D:8      | Found a shadowy altar of Dithmenos.
  9088 | D:8      | Found a hazy altar of Hepliaklqana.
  9376 | D:8      | Found a stormy altar of Qazlal.
  9797 | D:9      | Reached skill level 5 in Armour
  9807 | D:9      | Reached XP level 10. HP: 55/82 MP: 3/23
  9993 | D:9      | Noticed an angel
 10042 | D:9      | Noticed a two-headed ogre
 10060 | D:9      | Killed a two-headed ogre
 10061 | D:9      | Reached skill level 7 in Spellcasting
 10334 | D:9      | Reached skill level 8 in Spellcasting
 10334 | D:9      | Reached skill level 5 in Fire Magic
 10597 | D:9      | Reached *** piety under Ashenzari
 10621 | D:9      | Reached skill level 1 in Transmutations
 10987 | D:10     | Entered Level 10 of the Dungeon
 11088 | D:10     | Found a staircase to the Lair.
 11111 | D:10     | Found an iron altar of Okawaru.
 11129 | D:10     | Learned a level 5 spell: Irradiate
 11266 | D:10     | Reached skill level 5 in Earth Magic
 11394 | D:10     | HP: 3/83 [hornet (10)]
 11905 | D:10     | Reached XP level 11. HP: 87/89 MP: 18/26
 12035 | D:10     | Found an ancient bone altar of Kikubaaqudgha.
 12601 | D:10     | Noticed Josephine
 12605 | D:10     | Killed Josephine
 12757 | D:10     | Reached skill level 9 in Spellcasting
 13302 | D:5      | Killed Edmund
 13303 | D:5      | Reached skill level 10 in Spellcasting
 13402 | D:6      | Killed Ninjinzu's ghost
 13764 | Lair:1   | Entered Level 1 of the Lair of Beasts
 14054 | Lair:1   | Reached skill level 1 in Necromancy
 14425 | Lair:1   | Reached XP level 12. HP: 89/96 MP: 14/29
 14525 | Lair:1   | Reached **** piety under Ashenzari
 14555 | Lair:1   | Learned a level 5 spell: Borgnjor's Vile Clutch
 14580 | Lair:1   | Noticed Nausicaa's ghost (novice TrDe)
 14589 | Lair:1   | Found a transporter.
 14591 | Lair:1   | Found a transporter.
 15118 | Lair:2   | Found a frozen archway.
 15224 | IceCv    | Entered an ice cave
 15384 | IceCv    | Identified the ring of Impatience {Ice +Blink rPois MP-9
                  | Int+3 Dex-2}
 15661 | IceCv    | Reached skill level 1 in Shields
 15834 | IceCv    | Noticed a quicksilver ooze
 15853 | IceCv    | Noticed a quicksilver ooze
 15855 | IceCv    | Slain by a quicksilver ooze

Illustrated notes

Levels and vault maps discovered:
D:1:      saegor_arrival_simple_e, layout_rooms, serial_shops, shop,
          minmay_misc_feat_hallway
D:2:      layout_rooms, uniq_crazy_yiuf_cottage, uniq_robin
D:3:      layout_basic, shapermc_ecumenical_altar_mp_ritualfount
D:4:      kennysheep_goblin_castle, layout_layer_cave,
          lemuel_zombie_altar_yredelemnul, mainiacjoe_overflow_cross_hatched,
          minmay_temple_entry_enclosed_plants, uniq_sigmund
D:5:      layout_loops_ring, uniq_edmund
D:6:      layout_basic, serial_shops, shop, gammafunk_ghost_icy,
          kennysheep_decorative_pillar, grunt_ministairs_10,
          minmay_misc_feat_plants, hangedman_abyss_or_decor_lesser_grid,
          uniq_blork_the_orc
D:7:      layout_rooms, lemuel_doored_altar, lightli_temple_of_fire
D:8:      layout_loops_ring, riverfiend_overflow_shadow_ancestor,
          lemuel_tele_altar, lightli_church_of_beogh
D:9:      layout_roguey, zin_angel
D:10:     layout_basic, general_overflow_altar, okawaru_humans,
          lair_entry_dummy, minmay_joined_circles, uniq_josephine
Temple:   minmay_temple_forest_path
Lair:1:   layout_gridlike, gammafunk_ghost_hive, grunt_forest_small_clearings
Lair:2:   beast_lair_carwin_large_4, layout_hall_layers,
          portal_ice_cave_entry_ice_simulacra, hibernation_bobbens
IceCv:    ice_cave_hellmonk_azure_passage

Skill      XL: |  1  2  3  4  5  6  7  8  9 10 11 12 |
---------------+-------------------------------------+-----
Spellcasting   | 3 4 5 6 8 10 | 10.5
Fire Magic     | 1 2 4 5 6 |  6.6
Conjurations   | 4 5 6 8 |  8.4
Earth Magic    | 2 3 4 5 6 |  6.7
Fighting       | 3 6 |  6.4
Armour         | 6 |  6.2
Transmutations | 2 |  2.1
Necromancy     | 2 4 |  4.3
Shields        | 1 |  1.4
Dodging        | |  1.5
Stealth        | |  1.5

Action                   |  1- 3 |  4- 6 |  7- 9 | 10-12 || total
-------------------------+-------+-------+-------+-------++-------
Melee: Unarmed           |     1 |       |       |       ||     1
       Short sword       |     3 |     7 |       |       ||    10
       Staff             |       |     2 |     2 |    31 ||    35
 Cast: Magic Dart        |    25 |       |       |       ||    25
       Foxfire           |    26 |   129 |    43 |    25 ||   223
       Searing Ray       |     7 |     9 |    58 |    48 ||   122
       Bolt of Magma     |       |       |       |    48 ||    48
       Irradiate         |       |       |       |     9 ||     9
       Borgnjor's Vile C |       |       |       |     8 ||     8
Invok: Curse Item        |       |       |     4 |     2 ||     6
Evoke: Wand              |       |       |       |     4 ||     4
  Use: Scroll            |     3 |     4 |       |     7 ||    14
Armor: Robe              |       |     7 |    10 |       ||    17
       Scale mail        |       |       |    41 |   138 ||   179
Dodge: Dodged            |     3 |    19 |    57 |   101 ||   180

Table legend: (Time is in decaauts)
 A = Elapsed time spent in this place.
 B = Non-inter-level travel time spent in this place.
 C = Inter-level travel time spent in this place.
 D = Time resting spent in this place.
 E = Time spent auto-exploring this place.
 F = Levels seen in this place.
 G = Mean time per level.
                   A        B        C        D        E       F      G
               +--------+--------+--------+--------+--------+-----+--------+
         Total |  15880 |  15275 |    605 |   1941 |  11315 |  14 | 1134.3 |
       Dungeon |  13480 |  13001 |    479 |   1264 |  10074 |  10 | 1348.0 |
        Temple |    305 |    230 |     75 |      0 |    229 |   1 |  305.0 |
          Lair |   1462 |   1412 |     50 |    189 |    997 |   2 |  731.0 |
      Ice Cave |    631 |    631 |      0 |    488 |     15 |   1 |  631.0 |
               +--------+--------+--------+--------+--------+-----+--------+

Top non-repeatable levels by time:
     D:4: 2249 daAuts
    D:10: 2154 daAuts
     D:5: 1818 daAuts
     D:9: 1530 daAuts
     D:6: 1383 daAuts
  Lair:1: 1259 daAuts
     D:8: 1112 daAuts
     D:2: 997 daAuts
     D:1: 874 daAuts
     D:3: 710 daAuts
     D:7: 648 daAuts
   IceCv: 631 daAuts
  Temple: 305 daAuts
  Lair:2: 202 daAuts
